[Event "Early-Titled-Tuesday-Blitz-March-26-2024"]
[Site "Chess.com"]
[Date "2024.03.26"]
[Round "11"]
[White "CURRUTACO59"]
[Black "FranklinAPalomo"]
[Result "0-1"]
[WhiteElo "2274"]
[BlackElo "2631"]
[TimeControl "180+1"]
[EndTime "10:05:10 PDT"]
[Termination "FranklinAPalomo won on time"]

1. Nf3 Nf6 2. d4 g6 3. c4 Bg7 4. g3 O-O 5. Bg2 d6 6. O-O c6 7. Nc3 Nbd7 8. e4 Qc7 9. h3 e5 10. Be3 Re8 11. Qc2 a5 12. b3 b6 13. Rad1 Bb7 14. Rfe1 Rad8 15. Kh2 h6 16. Rd2 exd4 17. Nxd4 Nc5 18. f4 Kh7 19. Bf2 h5 20. Nf3 Kg8 21.
Ng5 Nfd7 22. Red1 Nf8 23. a3 Qe7 24. b4 axb4 25. axb4 Na6 26. b5 cxb5 27. Nxb5 Nc5 28. Nxd6 f6 29. Nxe8 Rxd2 30. Rxd2 Qxe8 31. Bxc5 bxc5 32.
Nf3 Bxe4 33. Re2 Bxc2 34. Rxe8 Bd3 35. Nd2 f5 36. Bd5+ Kh7 37. Nf3 Nd7 38. Ng5+ Kh6 39. Bg8 Bd4 40. Re7 Nf6 41. Be6 h4 42. Nf7+ Kg7 43.
Ne5+ Kh6 44. Nxd3 hxg3+ 45. Kxg3 Ne4+ 46. Kh2 Be3 47. Bg8 g5 48. Rh7+ Kg6 49. fxg5 Kxg5 50.
Rg7+ Kf6 51. Rc7 Bd4 52. Bd5 Nd2 53. Rc6+ Kg5 54. Kg2 f4 55. Nf2 Kf5 56. Ng4 f3+ 0-1

[Event "Early-Titled-Tuesday-Blitz-March-26-2024"]
[Site "Chess.com"]
[Date "2024.03.26"]
[Round "11"]
[White "mishanick"]
[Black "jakopogi"]
[Result "1-0"]
[WhiteElo "3066"]
[BlackElo "2794"]
[TimeControl "180+1"]
[EndTime "10:05:11 PDT"]
[Termination "mishanick won on time"]

1. d4 Nf6 2. c4 e5 3. dxe5 Ng4 4. Nf3 Nc6 5. Bf4 Bb4+ 6. Nbd2 Qe7 7. a3 Ngxe5 8.
Nxe5 Nxe5 9. e3 Bxd2+ 10. Qxd2 d6 11. Be2 O-O 12. Rc1 b6 13. O-O Bb7 14. Bg3 Rae8 15. b4 Nd7 16. Qd4 f5 17. Rfd1 Qg5 18.
h4 Qe7 19. h5 Qe4 20. Qxe4 Bxe4 21. c5 bxc5 22. Bb5 c6 23. Ba4 Nb6 24. Bb3+ c4 25. Bxc4+ Nxc4 26. Rxc4 Bd5 27. Rc3 a6 28. f3 Re6 29. Bf4 Rfe8 30. Kf2 Kf7 31. a4 Rb8 32. Rd4 Rb7 33. g4 fxg4 34. e4 Ba2 35. Rd2 Rxb4 36.
Rxa2 gxf3 37. Rxc6 Rexe4 38. Bxd6 Rxa4 39. Rac2 Re2+ 40. Rxe2 fxe2 41. Kxe2 Rh4 42. Rc7+ Ke6 43. Bg3 Rxh5 44. Rxg7 a5 45. Ra7 Rg5 46. Be1 h5 47. Kf3 Rf5+ 48. Kg2 Rb5 49. Kf3 Rb3+ 50. Ke4 Ra3 51.
Ra6+ Kd7 52. Rh6 h4 53. Bd2 h3 54. Be3 Ra4+ 55. Kd5 Ke7 56. Rxh3 Kf6 57. Rf3+ Kg6 58.
Ke5 Ra3 59. Rf6+ Kh7 60. Bf4 Rb3 61. Ra6 a4 62. Kf5 a3 63. Ra7+ Kg8 64. Be5 Rf3+ 65. Kg6 Kf8 66. Bf6 Ke8 67. Re7+ Kf8 68. Rh7 Ke8 69. Re7+ Kf8 70. Rd7 Rg3+ 71. Bg5 1-0

[Event "Early-Titled-Tuesday-Blitz-March-26-2024"]
[Site "Chess.com"]
[Date "2024.03.26"]
[Round "11"]
[White "PavelShkapenko"]
[Black "MalyDominator"]
[Result "1-0"]
[WhiteElo "2758"]
[BlackElo "2579"]
[TimeControl "180+1"]
[EndTime "10:05:11 PDT"]
[Termination "PavelShkapenko won by resignation"]

1. e4 c5 2. Nc3 Nc6 3. g3 g6 4.
Bg2 Bg7 5. d3 e6 6. Be3 d6 7.
Qd2 Nd4 8. Nce2 Ne7 9. c3 Nxe2 10.
Nxe2 Rb8 11. Bh6 O-O 12. h4 f6 13. Bxg7 Kxg7 14. h5 g5 15. h6+ Kh8 16. f4 Ng6 17. O-O-O b5 18. e5 dxe5 19. fxg5 fxg5 20. Rdf1 Rxf1+ 21. Rxf1 Qe7 22. Be4 Bb7 23. Bxg6 hxg6 24. Qe3 e4 25. d4 cxd4 26. Nxd4 e5 27. Nb3 Rf8 28. Rxf8+ Qxf8 29. Nd2 Qe7 30. Qxa7 Qf7 31. Qb8+ Kh7 32. Qxe5 Kxh6 33. Qh8+ Qh7 34. Qxh7+ Kxh7 35. Nf1 Kg7 36. Kd2 Kf6 37. Ke3 Kf5 38. Kf2 Ke5 39.
Ne3 Bc8 40. a3 Be6 41. Nc2 Kd5 42. Nd4 Bd7 43. b3 Bg4 44. Nc2 Kc5 45. Ke3 Bd1 46.
Nd4 Bxb3 47. Nxb3+ Kc4 48. Nd4 Kxc3 49. Nxb5+ Kb3 50.
Kxe4 1-0

[Event "Early-Titled-Tuesday-Blitz-March-26-2024"]
[Site "Chess.com"]
[Date "2024.03.26"]
[Round "11"]
[White "Jospem"]
[Black "FGHSMN"]
[Result "1-0"]
[WhiteElo "3086"]
[BlackElo "2962"]
[TimeControl "180+1"]
[EndTime "10:05:12 PDT"]
[Termination "Jospem won on time"]

1. e4 e5 2. Nf3 Nc6 3. Nc3 Nf6 4. h3 d6 5. d4 exd4 6. Nxd4 g6 7. Nxc6 bxc6 8. Bd3 Bg7 9. O-O O-O 10. Bg5 h6 11. Bh4 Qe8 12. Bg3 Rb8 13. Rb1 Nd7 14. Qd2 Nc5 15.
Rfe1 Qe7 16. f4 Nxd3 17. cxd3 Ba6 18. Kh2 Qf6 19. Rbc1 Qd4 20. Re3 Rfe8 21. b3 Qb4 22.
e5 Rbd8 23. Re4 Qb8 24. d4 dxe5 25. fxe5 Bc8 26. Qf2 Be6 27. Rf4 c5 28. d5 Bf5 29.
Rxf5 gxf5 30. Qxf5 Qc8 31. Qh5 Qd7 32. Rf1 Qe7 33. Rf5 Rd7 34. Ne4 Rxd5 35. Qg4 Kh8 36. Nf6 Rd4 37. Qh5 Rf8 38. Bf4 Rxf4 39. Rxf4 Qe6 40.
Rg4 Rd8 41. Rh4 Rd4 42. Rg4 Rxg4 43. hxg4 c4 44. bxc4 Qxc4 45. Qf5 Qe6 46. Qf4 c5 47. g5 Bxf6 48. gxf6 Kh7 49. Qg3 1-0

[Event "Early-Titled-Tuesday-Blitz-March-26-2024"]
[Site "Chess.com"]
[Date "2024.03.26"]
[Round "11"]
[White "shimastream"]
[Black "kids2010"]
[Result "1-0"]
[WhiteElo "3013"]
[BlackElo "2807"]
[TimeControl "180+1"]
[EndTime "10:05:12 PDT"]
[Termination "shimastream won on time"]

1. e4 c6 2. d4 d5 3. e5 Bf5 4. h4 h5 5. Bd3 Bxd3 6. Qxd3 Qa5+ 7. b4 Qa6 8. Qf3 e6 9. c3 Nh6 10. Bxh6 Rxh6 11. Ne2 Nd7 12. O-O Be7 13. g3 g5 14.
hxg5 Bxg5 15. a4 Ke7 16. Na3 Rg8 17. c4 h4 18. b5 Qa5 19. Kg2 f6 20. bxc6 bxc6 21.
cxd5 Qxd5 22. Qxd5 cxd5 23. f4 hxg3 24. fxg5 Rh2+ 25.
Kf3 fxe5 26. Nxg3 Rxg5 27. Rf2 Rh3 28. Rg1 exd4 29. Kf4 Re5 30. Nb5 Rh4+ 31. Kf3 Re3+ 32. Kg2 Ne5 33. Re2 Rg4 34. Rxe3 dxe3 35. Kh3 Rxa4 36. Re1 d4 37. Ne4 a6 38. Nbd6 Nd3 39. Rg1 e2 40. Rg7+ Kd8 41. Nf6 Nf4+ 42. Kh2 1-0

[Event "Early-Titled-Tuesday-Blitz-March-26-2024"]
[Site "Chess.com"]
[Date "2024.03.26"]
[Round "11"]
[White "InitiatingASC"]
[Black "ChelsieMonica"]
[Result "0-1"]
[WhiteElo "2375"]
[BlackElo "2551"]
[TimeControl "180+1"]
[EndTime "10:05:14 PDT"]
[Termination "ChelsieMonica won by checkmate"]

1. d4 Nf6 2. c4 b6 3. Nc3 Bb7 4. Nf3 g6 5. e3 Bg7 6. Be2 O-O 7. O-O d6 8. b3 Re8 9. Bb2 Nbd7 10. Qc2 e5 11.
dxe5 Nxe5 12. Nxe5 dxe5 13. Rad1 Qc8 14. Rd2 a6 15.
Rfd1 h5 16. Nd5 h4 17. h3 Nh7 18. Ba3 Ng5 19. Ne7+ Rxe7 20. Bxe7 Nxh3+ 21. Kh2 Qe6 22. Rd8+ Rxd8 23. Rxd8+ Kh7 24. Bxh4 Nxf2 25. Bxf2 Qf6 26. Rd2 Qxf2 27. Bd3 Qh4+ 28. Kg1 Bh6 29. Re2 e4 30. Bxe4 Bxe4 31. Qd2 Qg4 32. Kf2 Bg5 33. Kf1 Qh4 34. Kg1 Qg4 35. Rf2 c5 36. Rxf7+ Kh6 37. Rf2 Bh4 38. Re2 Qg3 39. Qd7 Bf5 40. Qe8 Bf6 41.
Qf8+ Bg7 42. Qd8 Kh7 43. Qxb6 Bd3 44. Rd2 Qxe3+ 45. Kh2 Be5+ 46. Kh1 Qe1# 0-1

[Event "Early-Titled-Tuesday-Blitz-March-26-2024"]
[Site "Chess.com"]
[Date "2024.03.26"]
[Round "11"]
[White "a-z30"]
[Black "Slovineanu"]
[Result "1-0"]
[WhiteElo "2462"]
[BlackElo "2524"]
[TimeControl "180+1"]
[EndTime "10:05:15 PDT"]
[Termination "a-z30 won on time"]

1. d4 Nf6 2. c4 e6 3. Nc3 d5 4.
Bg5 c5 5. e3 cxd4 6. exd4 Be7 7. Nf3 O-O 8. cxd5 Nxd5 9. Bxe7 Nxe7 10. Bd3 Nd7 11. O-O Nf6 12. Ne5 b6 13. Qf3 Ned5 14. Rad1 Bb7 15. Ne4 Qe7 16. Rfe1 Nxe4 17. Qxe4 Nf6 18.
Qh4 Rfd8 19. Re3 h6 20. Rg3 Kf8 21. Qf4 Rd6 22. Bg6 Nd5 23. Qxf7+ Qxf7 24. Nxf7 Rd7 25.
Ne5 Rc7 26. Be4 Rac8 27. h4 Rc1 28. Rxc1 Rxc1+ 29. Kh2 Re1 30. Bh7 Re2 31. Rf3+ Nf6 32. Rc3 Rxf2 33. Bg6 Rxg2+ 34. Kh3 Bd5 35. Rc7 Rxb2 36. Rc8+ Ke7 37. Rc7+ Kd6 38. Rxg7 Rxa2 39. Rf7 Ra3+ 40. Kh2 Ra2+ 41. Kg1 Ra1+ 42. Kf2 Ra2+ 43. Ke1 Ra1+ 44. Ke2 Ra2+ 45. Ke3 1-0

[Event "Early-Titled-Tuesday-Blitz-March-26-2024"]
[Site "Chess.com"]
[Date "2024.03.26"]
[Round "11"]
[White "Zohid6"]
[Black "Sanan_Sjugirov"]
[Result "1-0"]
[WhiteElo "2932"]
[BlackElo "3009"]
[TimeControl "180+1"]
[EndTime "10:05:16 PDT"]
[Termination "Zohid6 won on time"]

1. e4 c5 2. Nf3 d6 3. Bb5+ Bd7 4. Bxd7+ Qxd7 5. c4 Nf6 6. Nc3 Nc6 7. O-O e6 8. d3 Be7 9. a3 O-O 10. Rb1 a6 11. b4 cxb4 12. axb4 b5 13. cxb5 axb5 14. Qb3 d5 15. e5 Ng4 16. d4 Nxb4 17. h3 Nh6 18.
Bxh6 gxh6 19. Ne2 Rfc8 20. Qe3 Bf8 21. Ng3 Kh8 22. Nh5 Qe7 23. Rb3 Rc4 24. Qf4 Ra4 25.
Rd1 Ra5 26. Nh2 Nc6 27. Ng4 Raa4 28. Ngf6 Qa7 29. Qg4 Ne7 30. Rbd3 Ng6 31. h4 Ra1 32. Ng3 h5 33. Nfxh5 Rcc1 34. Rxc1 Rxc1+ 35. Kh2 Qa1 36. Qg5 Be7 37. Nf6 Qb1 38. Rf3 Qc2 39. h5 Qd1 40. hxg6 fxg6 41. Kh3 Kg7 42. Nfh5+ Kg8 43. Qxe7 1-0

[Event "Early-Titled-Tuesday-Blitz-March-26-2024"]
[Site "Chess.com"]
[Date "2024.03.26"]
[Round "11"]
[White "Misterfox120"]
[Black "Iskusnyh"]
[Result "0-1"]
[WhiteElo "2469"]
[BlackElo "2628"]
[TimeControl "180+1"]
[EndTime "10:05:16 PDT"]
[Termination "Iskusnyh won by resignation"]

1. d4 d5 2. Nc3 Nf6 3. Bf4 c5 4. e3 cxd4 5. exd4 Bg4 6. f3 Bd7 7. Nb5 Bxb5 8. Bxb5+ Nc6 9. c3 e6 10. Ne2 Bd6 11. O-O O-O 12. a4 Rc8 13. Qd2 Na5 14. Bxd6 Qxd6 15. Qf4 Qb6 16. Rab1 Nc4 17. Bxc4 Rxc4 18.
b3 Rc7 19. Rfc1 Rfc8 20. c4 Qa6 21. Nc3 dxc4 22. Nb5 Rd7 23. Rxc4 Rcd8 24. Rbc1 h6 25. Rc8 Qa5 26. Rxd8+ Rxd8 27. Qc7 Qxc7 28. Rxc7 a6 29. Nc3 b6 30. Rc6 Rxd4 31. Rxb6 Rd3 32. Rc6 a5 33. Kf2 Rd2+ 34. Kf1 Rb2 35. Rb6 g5 36.
Rb5 Kg7 37. h3 Nh5 38. Ne4 Nf4 39. Nc5 Rc2 40. Rxa5 Rc1+ 41. Kf2 Rxc5 42. Rxc5 Nd3+ 43. Ke3 Nxc5 44. Kd4 Nxb3+ 45. Kc4 Na5+ 46. Kb5 Nb7 47. Kc6 Na5+ 48. Kb5 Nb3 49. Kb4 Nd4 50. Kc5 e5 51. a5 Nb3+ 52. Kb4 Nxa5 53. Kxa5 Kf6 54. Kb4 Kf5 55. Kc3 Kf4 56. Kd3 f5 57. Ke2 Kg3 58.
Kf1 e4 59. fxe4 fxe4 60. Kg1 e3 61. Kf1 h5 62. Ke2 Kxg2 63. Kxe3 0-1

[Event "Early-Titled-Tuesday-Blitz-March-26-2024"]
[Site "Chess.com"]
[Date "2024.03.26"]
[Round "11"]
[White "suyu28"]
[Black "xasid81"]
[Result "1-0"]
[WhiteElo "2845"]
[BlackElo "2601"]
[TimeControl "180+1"]
[EndTime "10:05:17 PDT"]
[Termination "suyu28 won by resignation"]

1. e4 c6 2. d4 d5 3. Nc3 dxe4 4. Nxe4 Nf6 5. Nxf6+ exf6 6. c3 Bd6 7. Bd3 O-O 8.
Qc2 Re8+ 9. Ne2 h5 10. O-O Na6 11. Nf4 h4 12. Qd1 g6 13. Nxg6 fxg6 14. Bxg6 Kg7 15.
Bxe8 Qxe8 16. Qf3 Qg6 17. h3 Bf5 18. Re1 Nc7 19. Kh1 Re8 20. Rxe8 Nxe8 21. Qe2 Be4 22. Qf1 f5 23. Bd2 Nf6 24. Re1 b5 25. Bc1 Nh5 26.
Kg1 Bf4 27. Be3 Bxe3 28. fxe3 Qg3 29. Qf2 a5 30. b3 Kg6 31. c4 b4 32. Rd1 Qg5 33.
d5 cxd5 34. cxd5 f4 35. d6 fxe3 36. Qb2 Nf4 37. d7 Nxh3+ 38. Kf1 Qf4+ 39. Ke1 Qg3+ 40. Kf1 Qf4+ 41. Ke1 Qg3+ 42. Kf1 Nf4 43. Rd6+ Kh5 44. Qh8+ Kg4 45. Qg7+ Ng6 46. Rxg6+ Bxg6 47. Qxg6+ Kf4 48. Qxg3+ 1-0

[Event "Early-Titled-Tuesday-Blitz-March-26-2024"]
[Site "Chess.com"]
[Date "2024.03.26"]
[Round "11"]
[White "yonaltimur"]
[Black "ragnaroek66"]
[Result "1/2-1/2"]
[WhiteElo "2416"]
[BlackElo "2505"]
[TimeControl "180+1"]
[EndTime "10:05:17 PDT"]
[Termination "Game drawn by repetition"]

1. e4 c5 2. Nf3 Nc6 3. Bb5 e6 4. O-O Nge7 5. c3 d5 6. exd5 Qxd5 7. d4 cxd4 8. Nxd4 Bd7 9. Be3 Ng6 10. Bxc6 bxc6 11. Nd2 c5 12. N4f3 Be7 13. c4 Qc6 14. Qc2 O-O 15. Rfd1 f5 16. Nb3 Rac8 17. Nxc5 Bxc5 18.
Bxc5 Qxc5 19. Rxd7 Qxc4 20. Qxc4 Rxc4 21. Rxa7 Rc2 22.
Rb1 Nf4 23. Nd4 Rd2 24. Nb3 Rc2 25. g3 Nd3 26. Nd4 Rxf2 27. Nxe6 Re8 28. Nf4 Rd2 29.
Rd7 Rxb2 30. Rxb2 Nxb2 31. Rd4 Re1+ 32. Kf2 Ra1 33. Rd8+ Kf7 34. Ra8 Nc4 35. Ra7+ Kf6 36. Nh5+ Ke5 37. Nxg7 Rb1 38. Nh5 Rb2+ 39. Kg1 Ne3 40. Nf4 Ke4 41. Rc7 Kf3 42. Rc1 Rxa2 43. Rb1 Rc2 44. Ra1 Rb2 45. Rc1 Ra2 46. Rb1 Ng4 47. Rb3+ Ke4 48. Rb4+ Kf3 49. Rb3+ Ne3 50. Rb1 1/2-1/2

[Event "Early-Titled-Tuesday-Blitz-March-26-2024"]
[Site "Chess.com"]
[Date "2024.03.26"]
[Round "11"]
[White "Kacparov"]
[Black "jcibarra"]
[Result "1-0"]
[WhiteElo "2921"]
[BlackElo "2997"]
[TimeControl "180+1"]
[EndTime "10:05:18 PDT"]
[Termination "Kacparov won by resignation"]

1. e4 Nc6 2. d4 d6 3. Nc3 Nf6 4. Nf3 g6 5. d5 Nb8 6. Bc4 Bg7 7.
O-O O-O 8. h3 e5 9. dxe6 Bxe6 10. Bxe6 fxe6 11. e5 dxe5 12. Nxe5 Qxd1 13. Rxd1 Nd5 14.
Nxd5 exd5 15. Nd3 c6 16. Re1 Nd7 17. Be3 b6 18. Rad1 Rae8 19. c3 Re6 20. Bd4 Rfe8 21. Rxe6 Rxe6 22. Kf1 Bxd4 23. cxd4 Kf7 24. f3 Ke7 25. b4 Kd6 26. Kf2 Re8 27. Re1 Ra8 28. Nf4 Nf8 29. Re5 b5 30. a3 a5 31. h4 axb4 32.
axb4 Ra7 33. g4 Re7 34. Rxe7 Kxe7 35. h5 g5 36. Nd3 Ne6 37. Ke3 Nd8 38. f4 gxf4+ 39.
Kxf4 Kd6 40. Nc5 Ke7 41. g5 Nf7 42. Nd3 Nd8 43. Ke5 Nf7+ 44. Kf5 Nd6+ 45. Kf4 Nf7 46. Ne5 Nd8 47. Kf5 Kd6 48. Kf6 Ne6 49. g6 hxg6 50. hxg6 Nf4 51. g7 Nh5+ 52. Kg6 Nxg7 53. Kxg7 Ke6 54. Kg6 c5 55. bxc5 b4 56. Nd3 b3 57.
Kg5 b2 58. Nxb2 1-0

[Event "Early-Titled-Tuesday-Blitz-March-26-2024"]
[Site "Chess.com"]
[Date "2024.03.26"]
[Round "11"]
[White "FormerProdigy"]
[Black "FairChess_on_YouTube"]
[Result "0-1"]
[WhiteElo "2976"]
[BlackElo "3120"]
[TimeControl "180+1"]
[EndTime "10:05:20 PDT"]
[Termination "FairChess_on_YouTube won by checkmate"]

1. d4 Nf6 2. c4 c5 3. d5 b5 4. cxb5 a6 5. bxa6 Bxa6 6. Nc3 g6 7. e4 Bxf1 8. Kxf1 d6 9. g3 Bg7 10. Nf3 O-O 11. Kg2 Nbd7 12. a4 Ng4 13. Qe2 Qb8 14. Bg5 Re8 15. Nb5 Qb7 16. h3 Nge5 17. Nxe5 Nxe5 18. b3 f5 19. Rad1 Nf7 20. Bc1 e6 21. exf5 exd5 22. Qf3 Re5 23. fxg6 hxg6 24. Bf4 Rf5 25. Qg4 d4+ 26. f3 Rf8 27. Qxg6 Ne5 28. Qe6+ Kh7 29. Rhf1 R8f6 30. Nxd6 Qa6 31. Qxf5+ Rxf5 32. Nxf5 Qe2+ 33. Rf2 Qxd1 34. Nxg7 Nd3 35. Ne6 Nxf2 36.
Kxf2 Qc2+ 37. Kg1 Qxb3 38. Ng5+ Kg6 39. Ne4 Qd1+ 40. Kf2 Qc2+ 41. Ke1 c4 42. h4 c3 43. g4 d3 44. h5+ Kh7 45. g5 Qe2# 0-1

[Event "Early-Titled-Tuesday-Blitz-March-26-2024"]
[Site "Chess.com"]
[Date "2024.03.26"]
[Round "11"]
[White "DCacheiro"]
[Black "alekroth65"]
[Result "1-0"]
[WhiteElo "2504"]
[BlackElo "2390"]
[TimeControl "180+1"]
[EndTime "10:05:20 PDT"]
[Termination "DCacheiro won on time"]

1. e4 d6 2. d4 Nf6 3. Nc3 g6 4. Nf3 Bg7 5. Be2 O-O 6. O-O Nc6 7. d5 Nb8 8. Be3 c6 9. a4 Nbd7 10. a5 cxd5 11. exd5 Nc5 12. b4 Nfe4 13. Nxe4 Nxe4 14. Bd4 Nc3 15. Qd2 Nxe2+ 16. Qxe2 Bg4 17. Bxg7 Kxg7 18. Rac1 Qd7 19. h3 Bxf3 20. Qxf3 Qb5 21. Qb3 Rac8 22. c4 Qd7 23. Rfe1 Rfe8 24. Re4 Qf5 25.
Rce1 Rc7 26. Qb2+ Qf6 27. Qxf6+ Kxf6 28. Rf4+ Kg7 29. Rfe4 Kf6 30. Kf1 Rec8 31. Rf4+ Kg7 32. Rc1 f5 33. Ke2 b5 34. axb6 axb6 35. Rd4 b5 36. Kd2 bxc4 37. Re1 c3+ 38. Kc2 Kf7 39. Re3 Rc4 40. Red3 Kf6 41. f4 R4c7 42. Re3 Ra7 43. Rxc3 Ra2+ 44. Kb3 Rxc3+ 45. Kxc3 Rxg2 46. b5 Rg3+ 47.
Rd3 1-0

[Event "Early-Titled-Tuesday-Blitz-March-26-2024"]
[Site "Chess.com"]
[Date "2024.03.26"]
[Round "11"]
[White "PeshkaCh"]
[Black "masnyszachistaaa"]
[Result "1-0"]
[WhiteElo "2869"]
[BlackElo "2617"]
[TimeControl "180+1"]
[EndTime "10:05:23 PDT"]
[Termination "PeshkaCh won by resignation"]

1. Nf3 d5 2. d4 Nf6 3. c4 e6 4. Nc3 a6 5. cxd5 exd5 6. Bg5 Be6 7. e3 Nbd7 8. Bd3 Bd6 9. O-O c6 10. Qc2 Qc7 11. Rfe1 O-O 12. Bh4 Bg4 13. Bg3 Bxg3 14.
hxg3 Rfe8 15. Bf5 Bxf5 16. Qxf5 Qd6 17. Nd2 g6 18. Qf3 h5 19. Rad1 Rad8 20. a3 Kg7 21. b4 Re6 22. Qf4 Qe7 23. Qc7 Rb8 24. Nf3 Ne8 25. Qf4 Nd6 26. Nd2 Re8 27. a4 Rf6 28. Qg5 Nf5 29. b5 axb5 30. axb5 Nf8 31. bxc6 bxc6 32. Qf4 Nd6 33. Qh4 Nf5 34. Qh3 Nh7 35.
Nf3 Re6 36. g4 hxg4 37. Qxg4 Nh6 38. Qf4 Rf6 39. Qh2 Re6 40. Ne2 Nf6 41. Nf4 Rd6 42. Nd3 Ne4 43. Qe5+ f6 44. Qxe7+ Rxe7 45. Nd2 Nxd2 46.
Rxd2 Nf5 47. Rc1 Rc7 48. Rdc2 Ne7 49. Nc5 Kf7 50. Ra2 Ke8 51. Ra8+ Rc8 52. Ra7 Kd8 53. Nb7+ Ke8 54. Nxd6+ 1-0

[Event "Early-Titled-Tuesday-Blitz-March-26-2024"]
[Site "Chess.com"]
[Date "2024.03.26"]
[Round "11"]
[White "Gurvich_Vitaly"]
[Black "ketster"]
[Result "0-1"]
[WhiteElo "2706"]
[BlackElo "2597"]
[TimeControl "180+1"]
[EndTime "10:05:23 PDT"]
[Termination "ketster won by checkmate"]

1. g4 d5 2. Bg2 c6 3. e3 e5 4.
d3 Be6 5. Nc3 Nf6 6. h3 Bd6 7.
Nge2 Qe7 8. Ng3 Nbd7 9. a4 h5 10. g5 Nh7 11. h4 Bg4 12. Bf3 Bxf3 13. Qxf3 g6 14. e4 d4 15. Nce2 Nhf8 16. Bd2 Ne6 17. c3 c5 18. c4 Nb8 19. Kd1 Nc6 20. Kc2 b6 21. a5 Kd7 22. a6 Rab8 23. Nf5 gxf5 24.
exf5 Nc7 25. Ng3 b5 26. Ne4 bxc4 27. dxc4 Nb4+ 28. Kb1 Rb6 29. g6 fxg6 30. Bg5 Qf7 31. Nf6+ Kc8 32. Rc1 gxf5 33. Ra5 Rb8 34. Qxf5+ Qe6 35.
Qg6 Rf8 36. Re1 Be7 37. f4 Bxf6 38. Rxc5 Nxa6 39. Rexe5 Qg4 40. Re8+ Rxe8 41. Qxe8+ Kb7 42. Qe4+ Kc8 43. Qe8+ Kb7 44. Qc6+ Kc8 45. Bxf6 Qd1+ 46. Ka2 Qb3+ 47. Ka1 Qxb2# 0-1

[Event "Early-Titled-Tuesday-Blitz-March-26-2024"]
[Site "Chess.com"]
[Date "2024.03.26"]
[Round "11"]
[White "jk13"]
[Black "RebelJohnny"]
[Result "0-1"]
[WhiteElo "2699"]
[BlackElo "2588"]
[TimeControl "180+1"]
[EndTime "10:05:24 PDT"]
[Termination "RebelJohnny won by checkmate"]

1. h4 Nf6 2. d4 d5 3. c3 Bf5 4. g3 Nc6 5. Nf3 e6 6. Bf4 Be7 7. Nbd2 Ne4 8. Ne5 Nxe5 9. Bxe5 f6 10. Bf4 c5 11. Bg2 Nxd2 12. Qxd2 cxd4 13. cxd4 Rc8 14.
Rc1 Rxc1+ 15. Qxc1 O-O 16. O-O Qd7 17. Qd2 Rc8 18. Rc1 Rc6 19. a3 Qc8 20. Rxc6 Qxc6 21. f3 b6 22. g4 Bc2 23. e3 Bb3 24. Bf1 a5 25. Bd3 a4 26. Kg2 g6 27. g5 f5 28. Be5 Kf7 29. Kg3 Ke8 30. Kf4 Kd7 31. Qe2 Bc4 32. Qc2 Bd6 33. Qc3 Bxe5+ 34. Kxe5 Qd6+ 35. Kf6 e5+ 36. Kg7 Qe7+ 37. Kh6 Ke8 38. Bxc4 Kf8 39. Qb4 dxc4 40. Qxe7+ Kxe7 41. dxe5 b5 42. Kxh7 b4 43. Kxg6 c3 44. h5 cxb2 45. h6 b1=Q 46.
h7 Qh1 47. Kg7 bxa3 48. h8=Q Qxh8+ 49. Kxh8 a2 50. g6 a1=Q 51. g7 Qxe5 52. Kh7 Qh2+ 53.
Kg6 Qg3+ 54. Kh7 Kf7 55. Kh6 Qg6# 0-1

[Event "Early-Titled-Tuesday-Blitz-March-26-2024"]
[Site "Chess.com"]
[Date "2024.03.26"]
[Round "11"]
[White "Firouzja2003"]
[Black "dropstoneDP"]
[Result "1/2-1/2"]
[WhiteElo "3089"]
[BlackElo "3013"]
[TimeControl "180+1"]
[EndTime "10:05:25 PDT"]
[Termination "Game drawn by repetition"]

1. e4 e5 2. Nf3 Nf6 3. d3 Nc6 4. g3 d5 5. exd5 Qxd5 6. Bg2 Bg4 7. h3 Be6 8. O-O Qd7 9. Kh2 O-O-O 10. Nc3 Bc5 11. Ng5 Bf5 12. Be3 Bb6 13. a4 h6 14.
Nge4 Nxe4 15. Nxe4 Bxe4 16. Bxe4 f5 17. Bg2 Rhf8 18.
a5 Bxe3 19. fxe3 a6 20. b4 e4 21. Qe1 Ne5 22. Qc3 Qe6 23. Rf2 Kb8 24. d4 Qc4 25.
Qb2 Nf3+ 26. Bxf3 exf3 27. c3 g5 28. Rxf3 f4 29. Raf1 Rfe8 30. Re1 Qd3 31. gxf4 gxf4 32. Rxf4 Rxe3 33. Rxe3 Qxe3 34. Qf2 Qxc3 35. Rf8 Rc8 36. Rxc8+ Kxc8 37. Qf5+ Kd8 38. Qd5+ Ke7 39. Qxb7 Qd2+ 40. Kg3 Qe3+ 41. Kg4 Qxd4+ 42. Kf3 Qd3+ 43. Kf4 Qd2+ 44. Ke5 Qg5+ 45. Kd4 Qd2+ 46. Ke5 Qg5+ 47. Kd4 Qd2+ 48. Ke5 1/2-1/2

[Event "Early-Titled-Tuesday-Blitz-March-26-2024"]
[Site "Chess.com"]
[Date "2024.03.26"]
[Round "11"]
[White "Hikaru"]
[Black "DenLaz"]
[Result "1/2-1/2"]
[WhiteElo "3265"]
[BlackElo "3111"]
[TimeControl "180+1"]
[EndTime "10:05:27 PDT"]
[Termination "Game drawn by repetition"]

1. Nf3 d5 2. e3 Nf6 3. c4 e6 4. b3 Be7 5. Bb2 O-O 6. d4 b6 7.
cxd5 Nxd5 8. a3 Bb7 9. Nbd2 Nd7 10. b4 c5 11. dxc5 bxc5 12. b5 Bf6 13. Qc2 a6 14. bxa6 Bxa6 15. Bxa6 Rxa6 16. O-O Bxb2 17. Qxb2 Qa8 18. Nc4 N7b6 19. Nfd2 Nxc4 20. Nxc4 Ra4 21. Rfc1 Qa6 22. Qb3 h6 23. Rab1 Ra8 24. h3 Qc6 25.
Qc2 R4a6 26. Qb3 Nb6 27. Nd2 Nd7 28. Ra1 Ne5 29. Rc3 Ra4 30. Qc2 Nd7 31. Nc4 R4a6 32. Rb1 Nf6 33. Rcb3 Qe4 34. Qe2 g6 35. f3 Qh4 36. e4 Nh5 37. Qf2 Qxf2+ 38. Kxf2 Kg7 39. Rb7 Nf4 40. Rd1 R8a7 41. Rdd7 Rxb7 42. Rxb7 Kf6 43. h4 g5 44. g3 Nd3+ 45. Ke3 Ne5 46. hxg5+ hxg5 47. Nxe5 Kxe5 48. Rxf7 Rxa3+ 49. Kf2 Ra2+ 50. Ke3 Ra3+ 51.
Kf2 Ra2+ 52. Ke3 Ra3+ 1/2-1/2

[Event "Early-Titled-Tuesday-Blitz-March-26-2024"]
[Site "Chess.com"]
[Date "2024.03.26"]
[Round "11"]
[White "Oligan22"]
[Black "AlexanderKing"]
[Result "0-1"]
[WhiteElo "2455"]
[BlackElo "2637"]
[TimeControl "180+1"]
[EndTime "10:05:29 PDT"]
[Termination "AlexanderKing won on time"]

1. e4 e6 2. d4 d5 3. Nc3 Bb4 4. e5 c5 5. a3 Bxc3+ 6. bxc3 Qa5 7. Bd2 Qa4 8. Qb1 c4 9. h4 Nc6 10. Qd1 Bd7 11. Qg4 Kf8 12. Ra2 Nge7 13. Be2 Qb5 14. Ra1 Qb2 15. Rc1 Qxa3 16. Nf3 h6 17. O-O Qa5 18. h5 Qc7 19. Nh4 Nf5 20. f4 Qd8 21. Nf3 a5 22. Qh3 a4 23. g4 Nfe7 24. Nh4 Ke8 25. f5 Qb6 26. f6 gxf6 27. exf6 Nc8 28. Ng6 Rh7 29. Rb1 Qa7 30. Nf4 a3 31. Qe3 Kd8 32. Nh3 a2 33. Ra1 e5 34.
g5 exd4 35. cxd4 Nxd4 36. g6 Nxe2+ 37. Kh2 Qxe3 38. Bxe3 Rh8 39. g7 Rg8 40. Rfe1 Nc3 41. Bxh6 Nd6 42. Ng5 Kc7 43. Nf3 Bg4 44. Nd4 Bxh5 45.
Bf4 Kd7 46. Re3 Nce4 47. Kg2 Rge8 48. Nf3 Bxf3+ 49. Kxf3 Rg8 50. Bxd6 Kxd6 0-1

[Event "Early-Titled-Tuesday-Blitz-March-26-2024"]
[Site "Chess.com"]
[Date "2024.03.26"]
[Round "11"]
[White "IshviAggarwal"]
[Black "teresin05"]
[Result "0-1"]
[WhiteElo "2162"]
[BlackElo "2256"]
[TimeControl "180+1"]
[EndTime "10:05:31 PDT"]
[Termination "teresin05 won on time"]

1. d4 d5 2. c4 c6 3. Nf3 Nf6 4. g3 Bf5 5. Nc3 h6 6. Qb3 Qb6 7. c5 Qxb3 8. axb3 a6 9. b4 Nbd7 10. Bg2 Rc8 11. O-O e6 12. Nd2 Be7 13. f3 O-O 14. e4 dxe4 15. fxe4 Bg6 16. Nc4 Rfd8 17.
Bf4 Nf8 18. Bd6 Bxd6 19. Nxd6 Rc7 20. Rad1 Ne8 21. Nxe8 Rxe8 22. d5 exd5 23. exd5 cxd5 24. Nxd5 Rd7 25. Nb6 Rxd1 26. Rxd1 Re7 27. Rd8 f6 28. Nc8 Rc7 29. Nd6 b6 30. Bd5+ Kh7 31. cxb6 Rc1+ 32. Kf2 Rc2+ 33. Ke3 Rxb2 34. b7 Rxb4 35. b8=Q Rxb8 36.
Rxb8 Nd7 37. Ra8 Nb6 38. Rxa6 Nxd5+ 39. Kd4 Ne7 40. Ra7 Nc6+ 41. Kc5 Nxa7 42. Kb6 Bd3 43. Kxa7 Kg6 44. Kb6 Kg5 45. Kc5 Bg6 46. Kd4 Kg4 47.
Ke3 Kh3 48. Kf4 Kxh2 0-1

[Event "Early-Titled-Tuesday-Blitz-March-26-2024"]
[Site "Chess.com"]
[Date "2024.03.26"]
[Round "11"]
[White "Zhigalko_Sergei"]
[Black "Titus369"]
[Result "1-0"]
[WhiteElo "2888"]
[BlackElo "2641"]
[TimeControl "180+1"]
[EndTime "10:05:32 PDT"]
[Termination "Zhigalko_Sergei won by resignation"]

1. e4 c5 2. Nf3 d6 3. d4 cxd4 4. Qxd4 a6 5. Bc4 Nc6 6. Qd3 Nf6 7.
Nc3 e6 8. Bf4 Qc7 9. O-O-O e5 10. Bg5 Be6 11. Bxf6 gxf6 12. Nd5 Bxd5 13. Bxd5 Nb4 14.
Qb3 Rc8 15. c3 Nxd5 16. Rxd5 b5 17. Nh4 Qc4 18. f3 Rg8 19. g4 h5 20. h3 hxg4 21. hxg4 Qxb3 22. axb3 Rh8 23. Rdd1 Kd7 24. b4 Be7 25.
Nf5 Rcg8 26. Kc2 Ke6 27. Ng7+ Kd7 28. Nf5 Ke6 29. Ra1 Rxh1 30. Rxh1 Ra8 31. Kb3 Bf8 32. Rh8 d5 33. Ne3 d4 34. Nd5 Rd8 35. Nc7+ Kd7 36.
Nd5 Ke6 37. Kc2 Be7 38. Nc7+ Kd7 39. Rxd8+ Bxd8 40. Nxa6 Bb6 41. Nc5+ Kc6 42. Nd3 dxc3 43. bxc3 Be3 44. Kb3 Kb6 45. c4 Kc6 46. Nb2 Bd4 47. Nd1 Kb6 48. Nc3 Kc6 49. Nxb5 Bb6 50. Nc3 Bd8 51.
Nd5 Kd6 52. c5+ Kc6 53. Kc4 Kb7 54. b5 Kc8 55. c6 f5 56. gxf5 1-0